 Dungeon Crawl Stone Soup version 0.19.0-20-gbc5f0c6 (webtiles) character file.

5040 nikopol the Cleaver (level 10, 0/64 HPs)
             Began as a Gargoyle Berserker on Nov 17, 2016.
             Was an Elder of Trog.
             Killed from afar by a raiju (5 damage)
             ... with a living lightning
             ... on level 1 of the Abyss.
             The game lasted 00:22:07 (6706 turns).

nikopol the Cleaver (Gargoyle Berserker)            Turns: 6706, Time: 00:22:07

Health: 0/64       AC: 16    Str: 21    XL:     10   Next: 55%
Magic:  10/10      EV: 14    Int: 12    God:    Trog [****..]
Gold:   640        SH:  0    Dex: 11    Spells: 0 memorised, 9 levels left

rFire  x . .     SeeInvis .     a - +0 war axe
rCold  . . .     Gourm    .     v - +1 leather armour "Ifahash" {rF- MR+ Regen+ Int+3}
rNeg   + . .     Faith    .     (no shield)
rPois  ∞         Spirit   .     x - +2 hat
rElec  +         Reflect  .     r - +0 cloak
rCorr  .         Harm     .     i - +0 pair of gloves
MR     +....                    (no boots)
Stlth  +.........               (no amulet)
                                (no ring)
                                (no ring)

@: no status effects
A: negative energy resistance 1, electricity resistance, unbreathing,
petrification resistance, rot immunity, AC +7
a: Berserk, Trog's Hand, Brothers in Arms, Burn Spellbooks, Renounce Religion


You were on level 1 of the Abyss.
You worshipped Trog.
Trog was greatly pleased with you.
You were hungry.

You visited 1 branch of the dungeon, and saw 8 of its levels.
You visited the Abyss 1 time.
You also visited: Ossuary.

You collected 640 gold pieces.

Inventory:

Hand Weapons
 a - a +0 war axe (weapon)
 z - a +0 shortbow
 A - a +0 hand axe
Missiles
 n - 101 arrows (quivered)
Armour
 b - a +0 animal skin
 g - a +0 ring mail
 i - a +0 pair of gloves (worn)
 p - a +0 helmet
 r - a +0 cloak (worn)
 v - the +1 leather armour "Ifahash" (worn) {rF- MR+ Regen+ Int+3}
   (You found it on level 4 of the Dungeon)

   It affects your intelligence (+3).
   It makes you vulnerable to fire.
   It affects your resistance to hostile enchantments.
   It increases your rate of regeneration.
 x - a +2 hat (worn)
Jewellery
 F - a +3 ring of strength {unknown}
Wands
 m - a wand of slowing (31/48)
 y - a wand of flame (18/48)
 L - a wand of polymorph (18/24)
Scrolls
 e - 2 scrolls of enchant weapon {unknown}
 k - 2 scrolls of recharging {unknown}
 o - 6 scrolls of remove curse
 C - 5 scrolls of teleportation
 D - a scroll of identify
 H - a scroll of magic mapping {unknown}
 J - a scroll of fear
 K - 2 scrolls of fog {unknown}
Potions
 d - 3 potions of curing
 f - 3 potions of might
 h - 2 potions of degeneration {unknown}
 j - a potion of heal wounds
 l - 5 potions of haste
 q - 2 potions of cancellation
 t - a potion of beneficial mutation {unknown}
 u - 4 potions of magic
 w - a potion of invisibility {unknown}
 G - 3 potions of lignification {unknown}
Comestibles
 c - 3 bread rations
 s - 2 meat rations
 B - 6 fruits
 I - a slice of pizza
 M - a royal jelly


   Skills:
 + Level 8.1 Fighting
 * Level 9.0 Axes
 + Level 4.0 Bows
 + Level 7.3 Armour
 + Level 5.6 Dodging


You had 9 spell levels left.
You didn't know any spells.

Dungeon Overview and Level Annotations

Branches:
Dungeon (8/15)             Temple (0/1) D:5            Lair (0/6) D:8

Altars:
Ashenzari
Dithmenos
Hepliaklqana
Nemelex Xobeh
Okawaru
Sif Muna
Trog
Xom
The Shining One

Annotations:
D:8 Maurice


Innate Abilities, Weirdness & Mutations

You are resistant to torment.
Your stone body is resilient. (AC +7)
You are immune to poison.
You resist negative energy. (rN+)
You are resistant to electric shocks. (rElec)
You can survive without breathing.
You are immune to petrification.
You are immune to rotting.


Message History

* * * LOW HITPOINT WARNING * * *
The living lightning hits the raiju.
The raiju completely resists.
The raiju blinks! x2
The raiju bursts into living lightning!
The living lightning hits you! You resist.
* * * LOW HITPOINT WARNING * * *
The living lightning hits you! You resist.
* * * LOW HITPOINT WARNING * * *
The raiju blinks! x2
You hit the raiju.
The raiju is almost dead.
You closely miss the raiju. The raiju misses you. The raiju barely misses you.
You closely miss the raiju.
The raiju is almost dead.
You closely miss the raiju. x2
The raiju bursts into living lightning!
The living lightning misses you.
The raiju blinks!
The raiju bursts into living lightning!
The living lightning hits you! You resist.
You die...

.. ###..# #.... .
## ..#. ...# . ..#
#.##..## #.. .
#...#......######
#.#
##....§h.#.....# #
# .......@h.#. ##
..
##...#........#.#.#
# #. ........... .
##..#...h..... ..(#
#....#.##.... . #
#..#.#....#.# #.. .
.....#..#..#.#. #
#. .. #.## # .
##.##.. ## . . # #
#...# # # .


You could see 3 raiju.

Vanquished Creatures
  A hornet (D:8)
  Grinder (D:5)
  2 hippogriffs
  Sigmund (D:5)
  A wyvern (D:8)
  A small abomination (Abyss:1)
  Eustachio (D:5)
  A hungry ghost (D:8)
  An orc warrior (D:7)
  3 ice beasts
  2 sky beasts
  A phantom (D:7)
  3 black bears
  4 ogres
  3 centaurs
  A necrophage (D:7)
  A bullfrog (D:6)
  An elf zombie (Ossuary)
  6 killer bees (D:8)
  2 crimson imps
  A quasit (D:6)
  A human zombie (Ossuary)
  2 centaur skeletons
  4 hounds
  Crazy Yiuf (D:5)
  4 orc priests
  A jelly (D:7)
  2 bullfrog skeletons (D:5)
  2 iguanas
  7 orc wizards
  4 worker ants
  A killer bee zombie (D:7)
  2 big kobold zombies (Ossuary)
  5 mummies
  A hound skeleton (D:7)
  A worker ant zombie (D:8)
  A howler monkey zombie (D:6)
  Robin (D:2)
  4 adders
  8 gnolls
  2 shadow imps
  2 oozes
  2 adder zombies (Ossuary)
  An adder skeleton (D:4)
  6 dart slugs
  2 worms
  3 leopard geckos
  29 orcs
  6 bats
  6 giant cockroaches
  A gnoll zombie (Ossuary)
  11 goblins
  4 hobgoblins
  3 jackals (D:6)
  3 quokkas
  5 ball pythons
  2 frilled lizards (D:2)
  A giant cockroach zombie (D:6)
  A goblin zombie (Ossuary)
  3 hobgoblin zombies
  2 kobolds
  A kobold zombie (Ossuary)
  A leopard gecko skeleton (D:7)
  2 orc zombies
  A rat (D:1)
190 creatures vanquished.

Notes
Turn   | Place    | Note
-------+----------+-------------------------------------------
     0 | D:1      | nikopol the Gargoyle Berserker began the quest for the Orb.
     0 | D:1      | Reached XP level 1. HP: 14/14 MP: 1/1
   295 | D:1      | Reached XP level 2. HP: 19/19 MP: 2/2
   715 | D:2      | Reached XP level 3. HP: 23/23 MP: 3/3
   959 | D:2      | Reached skill level 3 in Axes
  1015 | D:2      | Noticed Robin
  1022 | D:2      | Killed Robin
  1022 | D:2      | Reached XP level 4. HP: 25/29 MP: 4/4
  1352 | D:2      | Reached ** piety under Trog
  1572 | D:2      | Found a hazy altar of Hepliaklqana.
  1661 | D:3      | Reached XP level 5. HP: 32/33 MP: 5/5
  1882 | D:3      | Found an iron altar of Okawaru.
  2172 | D:4      | Reached skill level 4 in Axes
  2219 | D:4      | Got a blackened leather armour
  2230 | D:4      | Identified the cursed +1 leather armour "Ifahash" {rF- MR+ Regen+ Int+3} (You found it on level 4 of the Dungeon)
  2284 | D:4      | Reached XP level 6. HP: 35/39 MP: 6/6
  2578 | D:4      | Reached XP level 7. HP: 31/44 MP: 7/7
  2583 | D:4      | Reached skill level 5 in Fighting
  2727 | D:4      | Found a shimmering altar of Xom.
  2819 | D:5      | Entered Level 5 of the Dungeon
  2827 | D:5      | Noticed Sigmund
  2847 | D:5      | Killed Sigmund
  2847 | D:5      | Reached *** piety under Trog
  2847 | D:5      | Reached skill level 5 in Axes
  2902 | D:5      | Found a staircase to the Ecumenical Temple.
  2951 | D:5      | Found a shadowy altar of Dithmenos.
  3100 | D:5      | Found a sand-covered staircase.
  3111 | Ossuary  | Entered an ossuary
  3125 | Ossuary  | Reached XP level 8. HP: 50/50 MP: 8/8
  3433 | D:5      | Noticed Eustachio
  3449 | D:5      | Reached skill level 6 in Axes
  3449 | D:5      | Reached skill level 5 in Armour
  3491 | D:5      | Killed Eustachio
  3505 | D:5      | Noticed Grinder
  3537 | D:5      | Killed Grinder
  3697 | D:5      | Found a runed door.
  3701 | D:5      | Noticed Crazy Yiuf
  3711 | D:5      | Killed Crazy Yiuf
  4287 | D:6      | Reached XP level 9. HP: 45/56 MP: 9/9
  4293 | D:6      | Reached skill level 7 in Axes
  4293 | D:6      | Reached skill level 1 in Bows
  4456 | D:6      | Found a shadowy altar of Dithmenos.
  4660 | D:6      | Found a sparkling altar of Nemelex Xobeh.
  4804 | D:6      | Found a deep blue altar of Sif Muna.
  4887 | D:6      | Found a faded altar of an unknown god.
  4887 | D:6      | Found a glowing golden altar of the Shining One.
  4892 | D:6      | Found a shattered altar of Ashenzari.
  4894 | D:6      | Found a faded altar of an unknown god.
  4896 | D:6      | Found a faded altar of an unknown god.
  5241 | D:7      | Reached **** piety under Trog
  5740 | D:7      | Reached skill level 8 in Axes
  5740 | D:7      | Reached skill level 5 in Dodging
  6104 | D:8      | Reached XP level 10. HP: 63/63 MP: 10/10
  6474 | D:8      | Reached skill level 9 in Axes
  6475 | D:8      | Found a bloodstained altar of Trog.
  6570 | D:8      | Found a staircase to the Lair.
  6592 | D:8      | Noticed Maurice
  6658 | D:8      | Cast into level 1 of the Abyss (Maurice)
  6704 | Abyss:1  | HP: 3/64 [raiju/living lightning (3)]
  6706 | Abyss:1  | Killed from afar by a raiju

Skill      XL: |  1  2  3  4  5  6  7  8  9 10 |
---------------+-------------------------------+-----
Dodging        | 2 3 4 5 |  5.6
Axes           | 3 4 5 6 8 9 |  9.0
Fighting       | 4 5 6 7 8 |  8.1
Armour         | 3 4 5 6 7 |  7.3
Bows           | 3 4 |  4.0

Action                   |  1- 3 |  4- 6 |  7- 9 | 10-12 || total
-------------------------+-------+-------+-------+-------++-------
Melee: Hand axe          |    94 |   165 |   390 |       ||   649
       War axe           |       |       |   106 |   153 ||   259
 Fire: Shortbow          |       |       |   107 |    25 ||   132
Invok: Berserk           |     1 |     3 |     5 |     1 ||    10
       Trog's Hand       |       |       |     1 |       ||     1
       Burn Spellbooks   |       |       |       |     1 ||     1
  Use: Scroll            |       |       |    12 |       ||    12
  Eat: Chunk             |     1 |     9 |     8 |     4 ||    22
       Fruit             |       |       |     4 |       ||     4
       Bread ration      |       |       |     1 |       ||     1
Armor: Animal skin       |    24 |       |       |       ||    24
       Ring mail         |    21 |    55 |       |       ||    76
       Leather armour    |       |    15 |   250 |   120 ||   385
Dodge: Dodged            |    58 |    99 |   287 |   162 ||   606
